 Dungeon Crawl Stone Soup version 0.14-a0-2061-g6c6fb9c (webtiles) character file.

318 M4edhros the Vandal (level 6, 0/38 HPs)
             Began as an Octopode Hunter on Jan 22, 2014.
             Succumbed to poison (a potion of poison)
             ... on Level 3 of the Dungeon.
             The game lasted 00:03:12 (2556 turns).

M4edhros the Vandal (Octopode Hunter)               Turns: 2556, Time: 00:03:13

HP   0/38        AC  1     Str 11      XL: 6   Next:  2%
MP   6/6         EV 12     Int 14      God:
Gold 90          SH  0     Dex 14      Spells:  0 memorised,  5 levels left

rFire  . . .     SeeInvis .     e - +3,+4 quarterstaff (chaos)
rCold  . . .     Clarity  .     (no shield)
rNeg   + . .     Conserve .     (helmet restricted)
rPois  .         rCorr    .     n - amulet of guardian spirit
rElec  .         rRot     .     i - ring of positive energy {unknown}
SustAb . .       Spirit   +     (no ring)
rMut   .         Warding  .     (no ring)
Saprov . . .     Stasis   .     (no ring)
MR     .....                    (no ring)
                                (no ring)
                                (no ring)
                                (no ring)

@: mildly poisoned, not resistant to hostile enchantments, stealthy
A: almost no armour, amphibious, 8 rings, constrict 8, camouflage 1, gelatinous
body 1
a: no special abilities


You were on level 3 of the Dungeon.
You were not hungry.

You visited 1 branch of the dungeon, and saw 3 of its levels.

You collected 90 gold pieces.

Inventory:

Hand weapons
 a - a +0,+0 short sword
 b - a +1,+1 sling
 e - a +3,+4 quarterstaff of chaos (weapon)
Missiles
 c - 38 sling bullets
 q - 54 stones
Magical devices
 d - a wand of slowing (0)
 k - a wand of magic darts (9)
 x - a wand of disintegration (21) {unknown}
Comestibles
 f - a bread ration (quivered)
 s - 2 pears
 t - a choko
Scrolls
 g - 2 scrolls of random uselessness {unknown}
 h - 2 scrolls of curse weapon {unknown}
 l - 2 scrolls of teleportation {unknown}
 m - a scroll of enchant weapon I {unknown}
 o - a scroll of enchant armour {unknown}
 r - a scroll of enchant weapon II {unknown}
 v - a scroll of identify {unknown}
 w - a scroll of immolation {unknown}
Jewellery
 i - a ring of positive energy (left tentacle) {unknown}
 n - an amulet of guardian spirit (around mantle)
 y - an uncursed ring of fire {unknown}
Potions
 j - 2 potions of poison


   Skills:
 - Level 1.0 Fighting
 + Level 7.0 Slings
 - Level 2.0 Dodging
 - Level 1.3 Stealth


You had 5 spell levels left.
You didn't know any spells.

Dungeon Overview and Level Annotations

Branches:
Dungeon (3/16)

Altars:
Cheibriados


Innate Abilities, Weirdness & Mutations

You cannot wear most types of armour.
You are amphibious.
You can wear up to eight rings at the same time.
You can use your tentacles to constrict many enemies at once.
Your skin changes colour to match your surroundings (Stlth).
Your rubbery body absorbs attacks (AC +1).


Message History

* * * LOW HITPOINT WARNING * * *
You feel sick.
You feel a little better.
You start resting.
* * * LOW HITPOINT WARNING * * *
You feel sick.
You start resting.
* * * LOW HITPOINT WARNING * * *
You feel sick.
You start resting.
* * * LOW HITPOINT WARNING * * *
You feel sick.
You start resting.
* * * LOW HITPOINT WARNING * * *
You feel sick.
You start resting.
* * * LOW HITPOINT WARNING * * *
You feel sick.
You start resting.
You die...

..#.#...####.#####.......##..#
#.#.#...# #.# #...(...##..#
#.#.#...####.#####.......##..####
....+...'........................
#.#.#...####.#.#.##......##..#.##
#.........##.#.#.##......##..#.##
#...#####.##.#.#.##########..#...
#..........#.#.#.# #>.....
##..#####..#.#.#@# #..#..# ....#
#..#.#.#.# #..#..# ###.#
#......#.# #######...... ....#
#......#.# #.......##### ....#
#......#.# #.......##### .[..#
#......#.# #............
....#####......#.# #%......)####
...............#.# ##...........
##.##..........#.# #....##..####


There were no monsters in sight!

Vanquished Creatures
  Crazy Yiuf (D:3)
  An orc priest (D:3)
  An orc wizard (D:3)
  A worker ant (D:3)
  Jessica (D:2)
  A gnoll (D:3)
  2 adders (D:2)
  A worm (D:2)
  2 giant geckos
  2 oozes
  10 orcs (D:3)
  3 giant cockroaches
  11 goblins
  7 hobgoblins
  2 jackals (D:3)
  6 bats
  5 giant newts
  5 kobolds
  7 rats
69 creatures vanquished.

Vanquished Creatures (others)
  An orc (D:3)
1 creature vanquished.

Grand Total: 70 creatures vanquished

Notes
Turn   | Place    | Note
--------------------------------------------------------------
     0 | D:1      | M4edhros, the Octopode Hunter, began the quest for the Orb.
     0 | D:1      | Reached XP level 1. HP: 13/13 MP: 1/1
   127 | D:1      | Reached XP level 2. HP: 18/18 MP: 2/2
   415 | D:1      | Reached XP level 3. HP: 23/23 MP: 3/3
   745 | D:2      | Reached skill level 5 in Slings
   789 | D:2      | Noticed Jessica
   792 | D:2      | Killed Jessica
  1067 | D:2      | Reached XP level 4. HP: 21/28 MP: 4/4
  1489 | D:3      | Reached skill level 6 in Slings
  1673 | D:3      | Reached XP level 5. HP: 33/33 MP: 5/5
  1986 | D:3      | Noticed Crazy Yiuf
  2000 | D:3      | Killed Crazy Yiuf
  2152 | D:3      | Found a snail-covered altar of Cheibriados.
  2161 | D:3      | Reached skill level 7 in Slings
  2163 | D:3      | Reached XP level 6. HP: 25/38 MP: 0/6
  2555 | D:3      | HP: 1/38 [poison (a potion of poison)]
  2556 | D:3      | Succumbed to poison (a potion of poison)

Action                   |  1- 3 |  4- 6 || total
-------------------------+-------+-------++-------
Melee: Quarterstaff      |       |    17 ||    17
 Fire: Sling             |    68 |    76 ||   144
  Use: Potion            |       |     8 ||     8
